SAA
LITTLE CAESARS HOT N READYS @ LONG ISLAND SEAWOLVES
06/21/2034
 
TOP OF THE 1ST
Little Caesars Hot N Readys batting - Pitching for Long Island Seawolves : RHP Lloyd Natoff
Pitching: RHP Lloyd Natoff
Batting: SHB Allen Pandey 0-0: Ball
1-0: Ground out 1-3 (Groundball, P)
Batting: SHB Quentin Harrop 0-0: Ball
1-0: Ball
2-0: Foul Ball, location: 2F
2-1: Foul Ball, location: 2F
2-2: Foul Ball, location: 2F
2-2: Foul Ball, location: 2F
2-2: Ground out 4-3 (Groundball, 4S)
Batting: LHB Nathan Housden 0-0: Foul Ball, location: 2F
0-1: Swinging Strike
0-2: TRIPLE (Flyball, 9LD)
Batting: LHB Manuel Estrada 0-0: Ball
1-0: Swinging Strike
1-1: Swinging Strike
1-2: Ball
2-2: Strikes out swinging
Top of the 1st over - 0 runs, 1 hit, 0 errors, 1 left on base; Little Caesars 0 - Long Island 0
BOTTOM OF THE 1ST
Long Island Seawolves batting - Pitching for Little Caesars Hot N Readys : RHP Jason Hartridge
Pitching: RHP Jason Hartridge
Batting: SHB Cheong-hun Kang 0-0: Ball
1-0: Ball
2-0: Called Strike
2-1: Called Strike
2-2: Ball
3-2: Strikes out looking
Batting: RHB Taua Naituyaga 0-0: Foul Ball, location: 2F
0-1: Swinging Strike
0-2: Ball
1-2: Foul Ball, location: 2F
1-2: Foul Ball, location: 2F
1-2: Ball
2-2: Ball
3-2: Base on Balls
Batting: RHB John Shultz 0-0: Foul Ball, location: 2F
0-1: Ball
1-1: Called Strike
1-2: SINGLE (Groundball, 34D)
Taua Naituyaga to second
Runner from 2nd tries for 3rd, SAFE, no throw
Batting: RHB John Mayasich 0-0: Ball
1-0: Foul Ball, location: 2F
1-1: Ball
2-1: Ball
3-1: Base on Balls
John Shultz to second
Batting: RHB Domingo Morín 0-0: Fly out, F6 (Line Drive, 6)
Batting: RHB Nigel Sturges 0-0: Ball
1-0: Ball
2-0: Ground out 3-1 (Groundball, 34)
Bottom of the 1st over - 0 runs, 1 hit, 0 errors, 3 left on base; Little Caesars 0 - Long Island 0
TOP OF THE 2ND
Little Caesars Hot N Readys batting - Pitching for Long Island Seawolves : RHP Lloyd Natoff
Batting: SHB Ezequiel Oacia 0-0: Foul Ball, location: 2F
0-1: Swinging Strike
0-2: Strikes out swinging
Batting: SHB Robby Patterson 0-0: Ball
1-0: Foul Ball, location: 2F
1-1: Foul Ball, location: 2F
1-2: Ball
2-2: Ball
3-2: Ground out 1-3 (Groundball, 13)
Batting: RHB Shelby Loudenslager 0-0: Foul Ball, location: 2F
0-1: Ball
1-1: Ball
2-1: Ball
3-1: Foul Ball, location: 2F
3-2: Base on Balls
Batting: SHB Jorge Iglésias 0-0: Called Strike
0-1: Ball
1-1: Ball
2-1: Foul Ball, location: 2F
2-2: Ball
3-2: Foul Ball, location: 2F
3-2: 2-RUN HOME RUN (Flyball, 9D), Distance : 346 ft
Batting: RHB Martin Dalling 0-0: Called Strike
0-1: Fly out, F7 (Flyball, 78S)
Top of the 2nd over - 2 runs, 1 hit, 0 errors, 0 left on base; Little Caesars 2 - Long Island 0
BOTTOM OF THE 2ND
Long Island Seawolves batting - Pitching for Little Caesars Hot N Readys : RHP Jason Hartridge
Batting: RHB Javier De La Garza 0-0: Ball
1-0: Ball
2-0: Ball
3-0: Base on Balls
Batting: RHB Shigeaki Samurakami 0-0: Ball
1-0: Grounds into double play, 6-4-3 (Groundball, 6)
Batting: RHB Wes O'Mulhill 0-0: Called Strike
0-1: Called Strike
0-2: Ball
1-2: Ball
2-2: Strikes out looking
Bottom of the 2nd over - 0 runs, 0 hits, 0 errors, 0 left on base; Little Caesars 2 - Long Island 0
TOP OF THE 3RD
Little Caesars Hot N Readys batting - Pitching for Long Island Seawolves : RHP Lloyd Natoff
Batting: SHB Allen Pandey 0-0: SINGLE (Flyball, 78S)
Batting: SHB Quentin Harrop 0-0: Ball
1-0: Called Strike
1-1: Foul Ball, location: 2F
1-2: Ball
2-2: Ball
Allen Pandey steals 2nd base
3-2: Foul Ball, location: 2F
3-2: SINGLE (Line Drive, 4D)
Allen Pandey to third
Runner from 3rd tries for Home, SAFE, no throw
Batting: LHB Nathan Housden 0-0: Ball
1-0: Foul Ball, location: 2F
1-1: Swinging Strike
1-2: Strikes out swinging
Batting: LHB Manuel Estrada 0-0: Ball
1-0: Grounds into double play, 4-6-3 (Groundball, 4)
Top of the 3rd over - 1 run, 2 hits, 0 errors, 0 left on base; Little Caesars 3 - Long Island 0
BOTTOM OF THE 3RD
Long Island Seawolves batting - Pitching for Little Caesars Hot N Readys : RHP Jason Hartridge
Batting: SHB Cheong-hun Kang 0-0: Ball
1-0: SINGLE (Groundball, 3D)
Batting: RHB Taua Naituyaga 0-0: Ball
1-0: Fly out, F5 (Line Drive, 56)
Batting: RHB John Shultz 0-0: Called Strike
0-1: Ball
1-1: Ball
2-1: Foul Ball, location: 2F
2-2: Ball
3-2: Foul Ball, location: 2F
3-2: Strikes out swinging
Batting: RHB John Mayasich 0-0: Ball
1-0: Ball
Cheong-hun Kang steals 2nd base
2-0: Called Strike
2-1: Foul Ball, location: 2F
2-2: Foul Ball, location: 2F
2-2: Fly out, F8 (Flyball, 8LM)
Bottom of the 3rd over - 0 runs, 1 hit, 0 errors, 1 left on base; Little Caesars 3 - Long Island 0
TOP OF THE 4TH
Little Caesars Hot N Readys batting - Pitching for Long Island Seawolves : RHP Lloyd Natoff
Batting: SHB Ezequiel Oacia 0-0: Ball
1-0: Swinging Strike
1-1: Foul Ball, location: 2F
1-2: Foul Ball, location: 2F
1-2: Ground out 3-1 (Groundball, 34)
Batting: SHB Robby Patterson 0-0: Called Strike
0-1: Foul Ball, location: 2F
0-2: Ball
1-2: Fly out, F8 (Flyball, 8RM)
Batting: RHB Shelby Loudenslager 0-0: Ball
1-0: SOLO HOME RUN (Line Drive, 7LD), Distance : 341 ft
Batting: SHB Jorge Iglésias 0-0: Called Strike
0-1: Foul Ball, location: 2F
0-2: Ball
1-2: Ball
2-2: Ground out U3 (Groundball, 3L)
Top of the 4th over - 1 run, 1 hit, 0 errors, 0 left on base; Little Caesars 4 - Long Island 0
BOTTOM OF THE 4TH
Long Island Seawolves batting - Pitching for Little Caesars Hot N Readys : RHP Jason Hartridge
Batting: RHB Domingo Morín 0-0: Ball
1-0: Called Strike
1-1: Ball
2-1: Ball
3-1: Foul Ball, location: 2F
3-2: Fly out, F8 (Flyball, 8LD)
Batting: RHB Nigel Sturges 0-0: Ball
1-0: Foul Ball, location: 2F
1-1: Called Strike
1-2: Ground out 5-3 (Groundball, 5S)
Batting: RHB Javier De La Garza 0-0: Called Strike
0-1: Foul Ball, location: 2F
0-2: Ball
1-2: Strikes out looking
Bottom of the 4th over - 0 runs, 0 hits, 0 errors, 0 left on base; Little Caesars 4 - Long Island 0
TOP OF THE 5TH
Little Caesars Hot N Readys batting - Pitching for Long Island Seawolves : RHP Lloyd Natoff
Batting: RHB Martin Dalling 0-0: Called Strike
0-1: SINGLE (Groundball, 56D)
Batting: SHB Allen Pandey 0-0: Ball
1-0: Bunted foul
1-1: Bunted foul
1-2: Foul Ball, location: 2F
1-2: Fly out, F6 (Line Drive, 6)
Batting: SHB Quentin Harrop 0-0: Swinging Strike
0-1: Foul Ball, location: 2F
0-2: Ball
1-2: Foul Ball, location: 2F
1-2: Foul Ball, location: 2F
1-2: Foul Ball, location: 2F
1-2: Foul Ball, location: 2F
1-2: Strikes out swinging
Batting: LHB Nathan Housden 0-0: Ground out 4-3 (Groundball, 34D)
Top of the 5th over - 0 runs, 1 hit, 0 errors, 1 left on base; Little Caesars 4 - Long Island 0
BOTTOM OF THE 5TH
Long Island Seawolves batting - Pitching for Little Caesars Hot N Readys : RHP Jason Hartridge
Batting: RHB Shigeaki Samurakami 0-0: Swinging Strike
0-1: Ball
1-1: Ground out 3-1 (Groundball, 34S)
Batting: RHB Wes O'Mulhill 0-0: Called Strike
0-1: Ball
1-1: Ball
2-1: Foul Ball, location: 2F
2-2: Fly out, F7 (Flyball, 78M)
Batting: SHB Cheong-hun Kang 0-0: Called Strike
0-1: Ball
1-1: SINGLE (Line Drive, 89S)
Batting: RHB Taua Naituyaga 0-0: Foul Ball, location: 2F
0-1: Swinging Strike
0-2: SINGLE (Flyball, 89S)
Cheong-hun Kang to second
Runner from 2nd tries for 3rd, SAFE, no throw
Batting: RHB John Shultz 0-0: Called Strike
Taua Naituyaga steals 2nd base
0-1: Ball
1-1: Fly out, F8 (Flyball, 8LD)
Bottom of the 5th over - 0 runs, 2 hits, 0 errors, 2 left on base; Little Caesars 4 - Long Island 0
TOP OF THE 6TH
Little Caesars Hot N Readys batting - Pitching for Long Island Seawolves : RHP Lloyd Natoff
Batting: LHB Manuel Estrada 0-0: Called Strike
0-1: Swinging Strike
0-2: Ball
1-2: Ball
2-2: Strikes out looking
Batting: SHB Ezequiel Oacia 0-0: Ball
1-0: Ball
2-0: Ball
3-0: Swinging Strike
3-1: SINGLE (Groundball, 34D)
Batting: SHB Robby Patterson 0-0: Ball
1-0: Fly out, F7 (Flyball, 78S)
Batting: RHB Shelby Loudenslager 0-0: Called Strike
0-1: Ball
1-1: Ball
2-1: Foul Ball, location: 2F
2-2: Ball
3-2: Reached on error, E5 (Groundball, 56)
Ezequiel Oacia to second
Batting: SHB Jorge Iglésias 0-0: Called Strike
0-1: Ball
1-1: Called Strike
1-2: Ball
2-2: Strikes out swinging
Top of the 6th over - 0 runs, 1 hit, 1 error, 2 left on base; Little Caesars 4 - Long Island 0
BOTTOM OF THE 6TH
Long Island Seawolves batting - Pitching for Little Caesars Hot N Readys : RHP Jason Hartridge
Batting: RHB John Mayasich 0-0: Ground out 5-3 (Groundball, 56S)
Batting: RHB Domingo Morín 0-0: Ball
1-0: Reached on error, E5 (Groundball, 56)
Batting: RHB Nigel Sturges 0-0: Ball
1-0: Ball
2-0: Ball
3-0: Called Strike
3-1: Base on Balls
Domingo Morín to second
Batting: RHB Javier De La Garza 0-0: Ball
1-0: Fielders Choice at 2nd, 3-6 (Groundball, 34)
Domingo Morín to third
Batting: RHB Shigeaki Samurakami 0-0: SINGLE (Groundball, 56S) (infield hit)
Domingo Morín scores
Javier De La Garza to second
Batting: RHB Wes O'Mulhill 0-0: Foul Ball, location: 2F
0-1: Ball
1-1: Fielders Choice at 2nd, 6-4 (Groundball, 6)
Bottom of the 6th over - 1 run, 1 hit, 1 error, 2 left on base; Little Caesars 4 - Long Island 1
TOP OF THE 7TH
Little Caesars Hot N Readys batting - Pitching for Long Island Seawolves : RHP Lloyd Natoff
Batting: RHB Martin Dalling 0-0: Ball
1-0: Ball
2-0: Ball
3-0: Ground out 5-3 (Groundball, 56)
Batting: SHB Allen Pandey 0-0: Ball
1-0: Called Strike
1-1: Ball
2-1: Ground out 4-3 (Groundball, 4)
Batting: SHB Quentin Harrop 0-0: Ball
1-0: Foul Ball, location: 2F
1-1: Ball
2-1: Ball
3-1: SINGLE (Line Drive, 9LS)
Pitching: RHP Jing-shuan Thum
Batting: LHB Nathan Housden 0-0: Ball
1-0: Ball
2-0: Fly out, F8 (Flyball, 8RM)
Top of the 7th over - 0 runs, 1 hit, 0 errors, 1 left on base; Little Caesars 4 - Long Island 1
BOTTOM OF THE 7TH
Long Island Seawolves batting - Pitching for Little Caesars Hot N Readys : RHP Jason Hartridge
Batting: SHB Cheong-hun Kang 0-0: Fly out, F7 (Flyball, 78M)
Now in LF: Juan Martínez
Batting: RHB Taua Naituyaga 0-0: Foul Ball, location: 2F
0-1: Ball
1-1: Ground out U3 (Groundball, 3L)
Batting: RHB John Shultz 0-0: Ball
1-0: Swinging Strike
1-1: Fly out, F9 (Flyball, 9LSF)
Bottom of the 7th over - 0 runs, 0 hits, 0 errors, 0 left on base; Little Caesars 4 - Long Island 1
TOP OF THE 8TH
Little Caesars Hot N Readys batting - Pitching for Long Island Seawolves : RHP Jing-shuan Thum
Batting: LHB Manuel Estrada 0-0: Called Strike
0-1: Called Strike
0-2: Foul Ball, location: 2F
0-2: Foul Ball, location: 2F
0-2: Ball
1-2: Strikes out looking
Batting: SHB Ezequiel Oacia 0-0: Ball
1-0: Ball
2-0: Foul Ball, location: 2F
2-1: Ground out 4-3 (Groundball, 4M)
Batting: SHB Robby Patterson 0-0: Ball
1-0: Ball
2-0: Called Strike
2-1: Foul Ball, location: 2F
2-2: Ball
3-2: Strikes out looking
Top of the 8th over - 0 runs, 0 hits, 0 errors, 0 left on base; Little Caesars 4 - Long Island 1
BOTTOM OF THE 8TH
Long Island Seawolves batting - Pitching for Little Caesars Hot N Readys : RHP Jason Hartridge
Now at C: Jaxon Dube
Batting: RHB John Mayasich 0-0: Called Strike
0-1: Swinging Strike
0-2: Ball
1-2: Fly out, F7 (Flyball, 7LD)
Batting: RHB Domingo Morín 0-0: Ball
1-0: Ball
2-0: Called Strike
2-1: Ground out 6-3 (Groundball, 6)
Batting: RHB Nigel Sturges 0-0: Ball
1-0: Ball
2-0: Ball
3-0: Called Strike
3-1: Fly out, F7 (Flyball, 78S)
Bottom of the 8th over - 0 runs, 0 hits, 0 errors, 0 left on base; Little Caesars 4 - Long Island 1
TOP OF THE 9TH
Little Caesars Hot N Readys batting - Pitching for Long Island Seawolves : RHP Jing-shuan Thum
Pitching: RHP Ben Lieske
Batting: RHB Shelby Loudenslager 0-0: Swinging Strike
0-1: Ball
1-1: Foul Ball, location: 2F
1-2: Fly out, F8 (Line Drive, 8LM)
Batting: SHB Jorge Iglésias 0-0: Called Strike
0-1: Ball
1-1: Ground out U3 (Groundball, 3)
Batting: RHB Martin Dalling 0-0: Ball
1-0: Called Strike
1-1: Foul Ball, location: 2F
1-2: Ball
2-2: Strikes out swinging
Top of the 9th over - 0 runs, 0 hits, 0 errors, 0 left on base; Little Caesars 4 - Long Island 1
BOTTOM OF THE 9TH
Long Island Seawolves batting - Pitching for Little Caesars Hot N Readys : RHP Jason Hartridge
Pitching: RHP Morton Steele
Batting: RHB Javier De La Garza 0-0: Ball
1-0: Ball
2-0: Ground out 5-3 (Groundball, 56)
Batting: RHB Shigeaki Samurakami 0-0: Swinging Strike
0-1: Ball
1-1: Swinging Strike
1-2: Foul Ball, location: 2F
1-2: Ball
2-2: Fly out, F8 (Line Drive, 8LXD)
Batting: RHB Wes O'Mulhill 0-0: Called Strike
0-1: Hit by Pitch
Batting: SHB Cheong-hun Kang 0-0: Ball
1-0: Ball
2-0: Foul Ball, location: 2F
2-1: Called Strike
2-2: Ground out U3 (Groundball, 3L)
Bottom of the 9th over - 0 runs, 0 hits, 0 errors, 1 left on base; Little Caesars 4 - Long Island 1
Friday, March 29th, 2019 - OOTP Baseball 18.8 Build 76